 Dungeon Crawl Stone Soup version 0.21-a0-591-g2314aa1 (webtiles) character file.

669 M4edhros the Sneak (level 7, 0/43 HPs)
             Began as an Octopode Artificer on Dec 22, 2017.
             Slain by an adder (5 damage)
             ... in a sewer.
             The game lasted 00:10:31 (1251 turns).

M4edhros the Sneak (Octopode Artificer)             Turns: 1251, Time: 00:10:31

Health: 0/43       AC:  1    Str: 18    XL:     7   Next: 58%
Magic:  11/11      EV: 13    Int: 15    God:
Gold:   95         SH: 12    Dex: 15    Spells: 6/6 levels left

rFire    + . .     SeeInvis .   n - +0 short sword (vamp)
rCold    x . .     Gourm    .   i - +4 shield
rNeg     . . .     Faith    .   (helmet restricted)
rPois    .         Spirit   .   (no amulet)
rElec    .         Reflect  .   h - ring of fire
rCorr    +         Harm     .   l - ring of resist corrosion
MR       .....     Clarity  +   (no ring)
Stlth    ++++......             (no ring)
HPRegen  0.14/turn              (no ring)
MPRegen  0.12/turn              (no ring)
                                (no ring)
                                (no ring)

@: mighty, lethally poisoned (0 -> -3)
A: almost no armour, stealthy swim, amphibious, 8 rings, constrict 8, camouflage
1, clarity, clever 1, strong 1, gelatinous body 1
a: no special abilities


You were in a sewer.
You were not hungry.

You visited 1 branch of the dungeon, and saw 5 of its levels.
You also visited: Sewer.

You collected 95 gold pieces.

Inventory:

Hand Weapons
 a - a +0 short sword
 n - a +0 vampiric short sword (weapon)
Missiles
 e - 6 curare-tipped needles
Armour
 i - a +4 shield (worn)
Jewellery
 h - a ring of fire (left tentacle)
 l - a ring of resist corrosion (right tentacle)
Wands
 b - a wand of flame (1)
 c - a wand of enslavement (1)
 d - a wand of random effects (8)
 q - a wand of digging (18)
Scrolls
 g - 2 scrolls of teleportation {unknown}
 j - 2 scrolls of noise
 k - a scroll of magic mapping {unknown}
 m - 2 scrolls of remove curse
 o - a scroll of blinking {unknown}
 p - 2 scrolls of fear
 r - a scroll of enchant weapon {unknown}
 v - 2 scrolls of fog {unknown}
Potions
 s - a potion of mutation
 t - 2 potions of might
 w - a potion of magic
Comestibles
 f - 5 rations


   Skills:
 - Level 1.0 Fighting
 - Level 1.0 Short Blades
 + Level 4.8 Dodging
 + Level 6.5 Stealth
 * Level 1.7 Shields
 + Level 5.8 Evocations


You had 6 spell levels left.
You didn't know any spells.

Dungeon Overview and Level Annotations

Branches:
Dungeon (5/15)
 Temple: D:4-7

Altars:


Innate Abilities, Weirdness & Mutations

You cannot wear most types of armour.
You are very stealthy in the water. (Stealth+)
You are amphibious.
You can wear up to eight rings at the same time.
You can use your tentacles to constrict eight enemies at once.
Your skin changes colour to match your surroundings (Stealth+).
Your rubbery body absorbs attacks. (AC +1, EV +1)
You possess an exceptional clarity of mind.
Your mind is acute. (Int +2)
Your muscles are strong. (Str +2)


Message History

* * * LOW HITPOINT WARNING * * *
You block the adder's attack.
The adder hisses angrily.
You hit the bullfrog.
You feel better.
Your grab misses the bullfrog. Your squeeze misses the bullfrog.
The bullfrog is moderately wounded.
You block the bullfrog's attack. The adder bites you.
* * * LOW HITPOINT WARNING * * *
You are poisoned.
The adder poisons you! The bullfrog closely misses you.
It was a potion of magic.
Magic courses through your body.
You feel sick. The bullfrog hits you.
* * * LOW HITPOINT WARNING * * *
The adder closely misses you.
Evoke which item? (* to show all) (? for menu, Esc to quit)
Aiming: Enslavement
Press: ? - help, Shift-Dir - straight line, f - bullfrog
Aim: a bullfrog (moderately wounded, chance to defeat MR: 63%)
The bullfrog is charmed.
The adder bites you.
You die...

#############
≈≈≈≈≈≈≈≈≈≈≈#.###
#S..≈≈≈≈≈≈≈≈...##
≈#≈≈#≈≈≈≈≈≈.....#
≈≈≈≈≈≈≈≈≈≈≈F....#
≈≈≈≈≈≈≈≈%≈SS@...##
≈≈≈≈≈≈≈≈†≈≈#.....#
#############....#
####...## #..#....#
#..'....# #####...#
##†..##
#################.†..#


You could see 2 adders and a friendly bullfrog.

Vanquished Creatures
  Menkaure (D:4)
  Duvessa (D:5)
  A gnoll sergeant (D:5)
  A bullfrog (Sewer)
  A howler monkey (D:4)
  An orc priest (D:5)
  A hound (D:4)
  Natasha (twice) (D:4)
  4 gnolls
  5 river rats
  6 adders
  3 oozes (Sewer)
  An adder skeleton (D:5)
  3 dart slugs
  4 orcs (D:5)
  A giant cockroach (D:3)
  A goblin (D:1)
  5 hobgoblins
  A kobold (D:2)
  2 quokkas
  11 ball pythons
  2 bats
  A frilled lizard (Sewer)
  27 rats
86 creatures vanquished.

Vanquished Creatures (collateral kills)
  Dowan (D:5)
  An orc wizard (D:5)
  4 gnolls
  An ooze (D:2)
  A goblin (D:2)
  2 hobgoblins (D:2)
  A kobold (D:2)
  A bat (D:2)
12 creatures vanquished.

Vanquished Creatures (others)
  Natasha (D:4)
  An adder (Sewer)
  An orc (D:5)
  A ball python (D:2)
4 creatures vanquished.

Grand Total: 102 creatures vanquished

Notes
Turn   | Place    | Note
-------+----------+-------------------------------------------
     0 | D:1      | M4edhros the Octopode Artificer began the quest for the Orb.
     0 | D:1      | Reached XP level 1. HP: 13/13 MP: 3/3
   125 | D:2      | Reached skill level 2 in Stealth
   125 | D:2      | Reached XP level 2. HP: 9/18 MP: 4/4
   179 | D:2      | Reached XP level 3. HP: 4/23 MP: 5/5
   212 | D:2      | Reached skill level 3 in Stealth
   363 | D:3      | Reached XP level 4. HP: 18/28 MP: 7/7
   578 | D:4      | Noticed Natasha
   582 | D:4      | Noticed Menkaure
   590 | D:4      | Killed Menkaure
   590 | D:4      | Reached skill level 4 in Stealth
   590 | D:4      | Reached XP level 5. HP: 33/33 MP: 8/8
   590 | D:4      | Your ally died
   640 | D:4      | Reached skill level 5 in Stealth
   640 | D:4      | Reached XP level 6. HP: 27/38 MP: 9/9
   644 | D:4      | Noticed Natasha
   648 | D:4      | Killed Natasha
   648 | D:4      | Reached skill level 5 in Evocations
   664 | D:4      | Noticed Natasha
   673 | D:4      | Killed Natasha
   702 | D:4      | Gained mutation: Your flesh is cold resistant. (rC+) [potion of mutation]
   702 | D:4      | Gained mutation: Your magical capacity is low. (-10% MP) [potion of mutation]
   702 | D:4      | Gained mutation: You are agile. (Dex +2) [potion of mutation]
   703 | D:4      | Lost mutation: Your magical capacity is low. (-10% MP) [potion of mutation]
   703 | D:4      | Lost mutation: Your flesh is cold resistant. (rC+) [potion of mutation]
   703 | D:4      | Lost mutation: You are agile. (Dex +2) [potion of mutation]
   703 | D:4      | Gained mutation: You possess an exceptional clarity of mind. [potion of mutation]
   703 | D:4      | Gained mutation: Your muscles are strong. (Str +2) [potion of mutation]
   703 | D:4      | Gained mutation: Your mind is acute. (Int +2) [potion of mutation]
   706 | D:5      | Entered Level 5 of the Dungeon
   753 | D:5      | Noticed Duvessa
   761 | D:5      | Noticed Dowan
   763 | D:5      | Killed Duvessa
   791 | D:5      | Reached XP level 7. HP: 19/43 MP: 11/11
   798 | D:5      | Killed Dowan
   811 | D:5      | Reached skill level 6 in Stealth
   896 | D:5      | Found a glowing drain.
   905 | Sewer    | Entered a sewer
  1065 | Sewer    | Reached skill level 1 in Shields
  1251 | Sewer    | Slain by an adder

Vault maps used:
D:1:      matt_arrival_los_fun
D:2:      uniq_robin
D:4:      first_ration, uniq_menkaure, uniq_natasha, uniq_blork_the_orc
D:5:      portal_sewer_entry_a, hangedman_decor_diamond_cutter, uniq_duvessa,
          uniq_edmund
Sewer:    sewer_minmay_w

Skill      XL: |  1  2  3  4  5  6  7 |
---------------+----------------------+-----
Stealth        | 2 3 4 5 6 |  6.5
Evocations     | 4 5 |  5.8
Dodging        | 3 4 |  4.8
Shields        | 1 |  1.7
Fighting       | |  1.0
Short Blades   | |  1.0

Action                   |  1- 3 |  4- 6 |  7- 9 || total
-------------------------+-------+-------+-------++-------
Melee: Short sword       |    36 |    37 |    92 ||   165
       Constrict         |     8 |    10 |    23 ||    41
       Tentacles         |     4 |    12 |    20 ||    36
Evoke: Wand              |    16 |     8 |    11 ||    35
  Use: Scroll            |       |     6 |     2 ||     8
       Potion            |       |     3 |     2 ||     5
 Stab: Sleeping          |     1 |     5 |       ||     6
       Paralysed         |     1 |       |     1 ||     2
  Eat: Ration            |     1 |       |       ||     1
       Chunk             |       |       |     3 ||     3
Armor: Skin              |     5 |     1 |     6 ||    12
Dodge: Dodged            |    36 |    15 |    47 ||    98
Block: Shield            |       |       |    54 ||    54

Table legend:
 A = Spawn XP
 B = Non-spawn XP
 C = Spawn XP percentage of total XP
 D = Spawn monster count
 E = Non-spawn monster count
 F = Spawn count percentage of total count
 G = Total turns spent on level
                    A         B        C        D         E        F      G
               +---------+---------+-------+---------+---------+-------+---------
         Total |       0 |     957 |   0.0 |       0 |      98 |   0.0 |  1251
               +---------+---------+-------+---------+---------+-------+---------
           D:1 |       0 |       9 |   0.0 |       0 |       4 |   0.0 |   107
           D:2 |       0 |      67 |   0.0 |       0 |      17 |   0.0 |   225
           D:3 |       0 |      22 |   0.0 |       0 |       5 |   0.0 |   126
           D:4 |       0 |     326 |   0.0 |       0 |       8 |   0.0 |   248
           D:5 |       0 |     336 |   0.0 |       0 |      22 |   0.0 |   199
         Sewer |       0 |     197 |   0.0 |       0 |      42 |   0.0 |   346
               +---------+---------+-------+---------+---------+-------+---------
